 Dungeon Crawl Stone Soup version 0.29-a0-323-g050149af67 (webtiles) character file.

Game seed: 13564821172748054364

159872 spiderkeys the Spry (level 17, 0/93 HPs)
             Began as a Spriggan Abyssal Knight on Apr 10, 2022.
             Was the Champion of Lugonu.
             Slain by Agnes
             ... wielding a +0 lajatang
              (37 damage)
             ... on level 2 of the Spider Nest.
             The game lasted 01:45:47 (32172 turns).

spiderkeys the Spry (Spriggan Abyssal Knight)      Turns: 32172, Time: 01:45:48

Health: 0/93       AC: 11    Str:  9    XL:     17   Next: 17%
Magic:  25/27      EV: 32    Int: 14    God:    Lugonu [******]
Gold:   2367       SH:  0    Dex: 21    Spells: 7/29 levels left

rFire   + . .      SeeInvis +   a - +3 quick blade (distort) {rare}
rCold   + . .      Faith    .   (no shield)
rNeg    . . .      Spirit   .   f - +1 troll leather armour
rPois   .          Reflect  .   I - +2 hat
rElec   .          Harm     .   e - scarf {rC+ rF+}
rCorr   .          Rampage  .   (gloves unavailable)
Will    ++...                   (boots unavailable)
Stlth   +++++.....              A - amulet of magic regeneration
HPRegen 1.05/turn               Z - ring of wizardry
MPRegen 0.60/turn               O - +4 ring of protection

@: confusing by touch, very quick
A: very small, no large weapons, unfitting armour, see invisible, speed 3
a: Renounce Religion, Depart the Abyss, Bend Space, Banish, Corrupt, Enter the
Abyss


You were on level 2 of the Spider Nest.
You worshipped Lugonu.
Lugonu was exalted by your worship.
You visited 4 branches of the dungeon, and saw 25 of its levels.
You visited the Abyss 1 time.

You collected 2829 gold pieces.
You spent 462 gold pieces at shops.


Innate Abilities, Weirdness & Mutations

You are very small and have problems with some larger weapons.
You are too small for most types of armour.
You have supernaturally acute eyesight. (SInv)
You cover ground extremely quickly. (Speed+++)


   Skills:
 + Level 12.1 Fighting
 - Level 13.3 Short Blades
 + Level 14.8 Bows
 + Level 17.8 Dodging
 - Level 12.0 Stealth
 + Level 6.6 Spellcasting
 + Level 9.1 Hexes
 - Level 5.0 Translocations
 - Level 9.0 Invocations
 - Level 9.1 Evocations


You had 7 spell levels left.
You knew the following spells:

 Your Spells              Type           Power      Damage    Failure   Level
c - Confusing Touch       Hex            30%        N/A       1%          3
f - Foxfire               Conj/Fire      16%        2x1d4     9%          1
g - Passage of Golubria   Tloc           18%        N/A       11%         4
i - Inner Flame           Hex/Fire       17%        N/A       4%          3
m - Manifold Assault      Tloc           18%        N/A       28%         5
p - Portal Projectile     Hex/Tloc       48%        N/A       1%          3
t - Tukima's Dance        Hex            30%        N/A       1%          3

Your spell library contained the following spells:

 Spells                   Type           Power      Damage    Failure   Level
 Apportation              Tloc           36%        N/A       1%          1
 Blink                    Tloc           36%        N/A       1%          2
 Lesser Beckoning         Tloc           18%        N/A       3%          3
 Magic Dart               Conj           16%        1d3       9%          1
 Shock                    Conj/Air       16%        1d4       9%          1
 Call Imp                 Summ           4%         N/A       13%         2
 Static Discharge         Conj/Air       4%         N/A       13%         2
 Anguish                  Hex/Necr       8%         N/A       13%         4
 Fulminant Prism          Conj/Hex       8%         3d7       13%         4
 Conjure Flame            Conj/Fire      4%         6-21      26%         3
 Ignite Poison            Fire/Tmut/Pois 4%         N/A       26%         3
 Mephitic Cloud           Conj/Pois/Air  4%         N/A       26%         3
 Stone Arrow              Conj/Erth      8%         3d7       26%         3
 Swiftness                Air            4%         N/A       26%         3
 Iskenderun's Mystic Bla  Conj/Tloc      11%        2d4       28%         4
 Silence                  Hex/Air        8%         N/A       32%         5
 Summon Mana Viper        Hex/Summ       17%        N/A       32%         5
 Yara's Violent Unravell  Hex/Tmut       8%         3d5       32%         5
 Airstrike                Air            2%         N/A       61%         4
 Animate Armour           Summ/Erth      8%         N/A       61%         4
 Dispel Undead            Necr           4%         3d7       61%         4
 Flame Wave               Conj/Fire      4%         2d5       61%         4
 Sticky Flame             Conj/Fire      4%         2d3       61%         4
 Summon Ice Beast         Ice/Summ       4%         N/A       61%         4
 Summon Forest            Summ/Tloc      5%         N/A       61%         5
 Enfeeble                 Hex            15%        N/A       82%         7
 Alistair's Intoxication  Tmut/Pois      2%         N/A       90%         5
 Blade Hands              Tmut           2%         N/A       90%         5
 Excruciating Wounds      Necr           2%         N/A       90%         5
 Lee's Rapid Deconstruct  Erth           2%         3d5*      90%         5
 Summon Cactus Giant      Summ           2%         N/A       100%        6
 Monstrous Menagerie      Summ           2%         N/A       100%        7
 Lehudib's Crystal Spear  Conj/Erth      2%         10d2      100%        8

Inventory:

Hand Weapons
 a - a +3 quick blade of distortion (weapon) {rare}
   (You found it on level 1 of the Lair of Beasts)
 b - the +7 shortbow "Okudah" {vorpal, rF- rN+ Str+3 Int+6}
   (You bought it in a shop on level 6 of the Dungeon)

   Any ammunition fired from it inflicts extra damage upon your enemies.
   Str:       It affects your strength (+3).
   Int:       It affects your intelligence (+6).
   rF:        It makes you vulnerable to fire.
   rN:        It protects you from negative energy.
Missiles
 z - 6 curare-tipped darts {=f}
 H - 14 poisoned darts
Armour
 e - a scarf of resistance (worn)
   (You found it on level 1 of the Dungeon)
 f - a +1 troll leather armour (worn)
   (You found it on level 7 of the Dungeon)
 I - a +2 hat (worn)
   (You found it on level 6 of the Dungeon)
 Q - a +2 robe of the Archmagi
   (You took it off Erica on level 11 of the Dungeon)
 R - the +1 cloak of Abstinence {rElec Str-2 Dex+4}
   (You found it on level 12 of the Dungeon)

   Str:       It affects your strength (-2).
   Dex:       It affects your dexterity (+4).
   rElec:     It insulates you from electricity.
Jewellery
 A - an amulet of magic regeneration (around neck)
   (You found it on level 5 of the Dungeon)
 C - a ring of protection from cold
   (You found it on level 10 of the Dungeon)
 D - the ring of Eternity {rC- Will++ rCorr}
   (You found it on level 6 of the Lair of Beasts)

   [ring of resist corrosion]

   rC:        It makes you vulnerable to cold.
   rCorr:     It protects you from acid and corrosion.
   Will:      It greatly increases your willpower.
 L - a ring of flight
   (You found it on level 1 of the Spider Nest)
 O - a +4 ring of protection (right hand)
   (You found it on level 4 of the Dungeon)
 Z - a ring of wizardry (left hand)
   (You found it on level 2 of the Dungeon)
Wands
 i - a wand of mindburst (13)
   (You found it on level 1 of the Lair of Beasts)
 s - a wand of paralysis (19)
   (You found it on level 4 of the Dungeon)
 v - a wand of digging (3)
   (You found it on level 14 of the Dungeon)
 B - a wand of flame (15)
   (You took it off Ijyb on level 5 of the Dungeon)
 G - a wand of iceblast (3)
   (You took it off Pikel on level 5 of the Dungeon)
 X - a wand of polymorph (29)
   (You found it on level 7 of the Dungeon)
Scrolls
 c - 9 scrolls of teleportation {@r4}
 h - 3 scrolls of magic mapping {!r}
 n - a scroll of silence {!r}
 p - a scroll of fear
 q - 6 scrolls of fog
 x - 3 scrolls of holy word
 F - a scroll of vulnerability {!r!r}
 K - 2 scrolls of summoning
 M - 2 scrolls of brand weapon
 N - 4 scrolls of immolation {!r!r}
 T - a scroll of torment {!r}
 V - a scroll of enchant armour
 W - 4 scrolls of amnesia
Potions
 d - a potion of resistance
 g - a potion of haste {@q3}
 j - 2 potions of heal wounds {@q2}
 k - 4 potions of lignification {!q}
 l - 3 potions of ambrosia
 m - 4 potions of attraction {!q}
 o - 4 potions of berserk rage {!q}
 t - 2 potions of cancellation
 u - 4 potions of magic
 w - 4 potions of curing {@q1}
 y - 2 potions of flight
 P - 2 potions of brilliance
 S - 2 potions of might
 U - 2 potions of invisibility
 Y - 2 potions of mutation {!q}
Miscellaneous
 r - a lightning rod (4/4)
   (You found it on level 4 of the Lair of Beasts)
 E - a phial of floods (inert)
   (You found it on level 1 of the Orcish Mines)
 J - a condenser vane (inert)
   (You found it on level 14 of the Dungeon)

Dungeon Overview and Level Annotations

Branches:
Dungeon (15/15)            Temple (0/1) D:4            Lair (6/6) D:10
 Shoals (0/4) Lair:4       Spider (2/4) Lair:3        Slime (0/5) Lair:5
    Orc (2/2) D:11            Elf (0/3) Orc:2        Vaults (0/5) D:14
 Depths: D:15

Altars:
Ashenzari
Dithmenos
Elyvilon
Gozag
Makhleb
Okawaru
Qazlal
Sif Muna
Vehumet
Xom
Zin
Beogh

Shops:
D:6 [((   D:10 [   Orc:1 *   Orc:2 :[(**

Portals:
Abyss: Lair:4

Annotations:
D:6 pigah's ghost, novice OpAE
D:14 3 runed translucent doors, Julus's ghost, journeyman DjFE
D:15 1 runed translucent door
Lair:4 4 transporters, Muuss's ghost, adept GnWz
Lair:6 2 transporters, Psyclone's ghost, journeyman DEIE
Spider:2 Agnes
Orc:2 siradein's ghost, journeyman DsAM
Abyss:1 Arachne; Azrael

... #..# #.###.......# ..# ##..#
#B#.......... ..# ##...#
#............ ..#### ##....#
#...........> ...#.## ##.....##
##.s..........
.....^###.....#.####.........##..
.##...........##.#..........###..
.##...........##...###.....###...
.##......โ€ ...##.@i.ยง#
#....##....
.##..........##.....## #....#....
.###........##.#.....# #..##....
.# ###.######.#......## #.##....
.#####.#####.###......# ###....
#.#..#.......####.....## #....
...##.........####.....### #....
....#..........# #.###.#.## #....
.#.#...........###..##..#.###....


You could see Agnes and a culicivora.


Message History

Shoot: b) +7 shortbow "Okudah" {vorpal, rF- rN+ Str+3 Int+6}
Press: ? - help, Q - select action, (/) - cycle Shift-Dir - straight line, f/p - Mlioglotl
Aim: Mlioglotl (severely wounded, strong, 87% to hit)
You shoot an arrow. The arrow barely misses Mlioglotl.
Shoot: b) +7 shortbow "Okudah" {vorpal, rF- rN+ Str+3 Int+6}
Press: ? - help, Q - select action, (/) - cycle Shift-Dir - straight line, f/p - Mlioglotl
Aim: Mlioglotl (severely wounded, strong, 87% to hit)
You shoot an arrow. The arrow hits Mlioglotl.
Mlioglotl churns violently!
Mlioglotl corrupts the dungeon around him!
Shoot: b) +7 shortbow "Okudah" {vorpal, rF- rN+ Str+3 Int+6}
Press: ? - help, Q - select action, (/) - cycle Shift-Dir - straight line, f/p - Mlioglotl
Aim: Mlioglotl (severely wounded, strong, 87% to hit)
You shoot an arrow. The arrow hits Mlioglotl.
Mlioglotl churns violently!
Mlioglotl radiates an aura of fear!
You resist with almost no effort.
Shoot: b) +7 shortbow "Okudah" {vorpal, rF- rN+ Str+3 Int+6}
Press: ? - help, Q - select action, (/) - cycle Shift-Dir - straight line, f/p - Mlioglotl
Aim: Mlioglotl (severely wounded, strong, 87% to hit)
You shoot an arrow. The arrow hits Mlioglotl.
Mlioglotl churns violently!
Mlioglotl corrupts the dungeon around him!
Shoot: b) +7 shortbow "Okudah" {vorpal, rF- rN+ Str+3 Int+6}
Press: ? - help, Q - select action, (/) - cycle Shift-Dir - straight line, f/p - Mlioglotl
Aim: Mlioglotl (almost dead, strong, 87% to hit)
You shoot an arrow. The arrow hits Mlioglotl.
Mlioglotl churns violently!
Mlioglotl radiates an aura of fear!
You resist with some effort.
Shoot: b) +7 shortbow "Okudah" {vorpal, rF- rN+ Str+3 Int+6}
Press: ? - help, Q - select action, (/) - cycle Shift-Dir - straight line, f/p - Mlioglotl
Aim: Mlioglotl (almost dead, strong, 87% to hit)
You shoot an arrow. The arrow hits Mlioglotl.
Mlioglotl churns violently!
Mlioglotl corrupts the dungeon around him!
Shoot: b) +7 shortbow "Okudah" {vorpal, rF- rN+ Str+3 Int+6}
Press: ? - help, Q - select action, (/) - cycle Shift-Dir - straight line, f/p - Mlioglotl
Aim: Mlioglotl (almost dead, strong, 87% to hit)
You shoot an arrow. The arrow hits Mlioglotl!
You kill Mlioglotl!
Lugonu accepts your kill.
A spatial vortex comes into view. x2
You shoot an arrow. The arrow hits the spatial vortex.
You shoot an arrow.
The arrow barely misses the spatial vortex.
The arrow hits the spatial vortex!
You shoot an arrow.
The arrow barely misses the spatial vortex.
No target in view!
No target in view!
No target in view!
Found a stone staircase leading up.
An orb spider comes into view.
You shoot an arrow.
The arrow completely misses the orb spider.
You shoot an arrow. The arrow hits the orb spider!
The orb spider begins to weave its threads into a brightly glowing ball.
You shoot an arrow. The arrow hits the orb spider!
You shoot an arrow. The arrow hits the orb spider!!
You kill the orb spider!
Lugonu accepts your kill.
Agnes the Wanderer comes into view.
She is wielding a +0 lajatang.
Space warps around you for a moment!
a - a +3 quick blade of distortion (weapon)
{rare} A pharaoh ant and a culicivora come into view.
Throw: 15 darts (poison)
Press: ? - help, Shift-Dir - straight line, f - pharaoh ant
Aim: a pharaoh ant (dormant, 98% to hit)
You throw a poisoned dart. The poisoned dart hits the pharaoh ant.
The pharaoh ant gives a chilling moan.
You start waiting.
Agnes is nearby!
Casting: Inner Flame (mildly dangerous; 4% risk of failure)
Confirm with . or Enter, or press ? or * to list all spells.
Your hands begin to glow red.
Agnes shouts!
You hear an angry hiss.
Agnes says, "I despise a dishonourable opponent."
Agnes hits you with a +0 lajatang! ๐Ÿ˜• HP[-9] MP[-3]
You take 9 damage, and now have 84/93 hp.
You lost 3 mp, and now have 24/27 mp.
You hit Agnes but do no damage. ๐Ÿ˜• MP[+1]
You hit Agnes but do no damage.
Agnes hits you with a +0 lajatang! ๐Ÿ˜• HP[-11]
You take 11 damage, and now have 73/93 hp.
You hit Agnes but do no damage. You hit Agnes but do no damage.
Agnes hits you with a +0 lajatang! ๐Ÿ˜ฎ HP[-13]
You take 13 damage, and now have 60/93 hp.
You hit Agnes but do no damage. You hit Agnes but do no damage.
Agnes hits you with a +0 lajatang!!
* * * LOW HITPOINT WARNING * * *
๐Ÿ˜จ HP[-22]
You take 22 damage, and now have 38/93 hp.
MASSIVE DAMAGE!! (PAUSE)
Okay, then.
Space bends sharply around you!
You blink.
Agnes hits you with a +0 lajatang!!!
You die...

Skill      XL: |  1  2  3  4  5  6  7  8  9 10 11 12 13 14 15 16 17 |
---------------+----------------------------------------------------+-----
Invocations    | 2 3 5 6 8 9 |  9.0
Stealth        | 1 2 3 4 6 7 8 9 10 12 | 12.0
Dodging        | 4 5 6 7 8 10 11 12 14 15 16 17 | 17.8
Spellcasting   | 2 3 4 5 6 |  6.6
Short Blades   | 3 4 5 6 7 8 9 11 12 13 | 13.3
Fighting       | 3 4 5 6 7 8 9 10 11 12 | 12.1
Evocations     | 2 3 5 9 |  9.1
Bows           | 1 4 6 8 10 11 12 14 | 14.8
Hexes          | 4 5 8 9 |  9.1
Translocations | 3 5 |  5.0

Action                   |  1- 3 |  4- 6 |  7- 9 | 10-12 | 13-15 | 16-18 || total
-------------------------+-------+-------+-------+-------+-------+-------++-------
Melee: Short sword       |    96 |   167 |     1 |    23 |       |       ||   287
       Punch             |       |     2 |     3 |    11 |     8 |     4 ||    28
       Rapier            |       |    14 |   157 |   487 |   446 |       ||  1104
       Scimitar          |       |       |       |    16 |       |       ||    16
       Quick blade       |       |       |       |       |       |   331 ||   331
 Fire: Hunting sling     |    21 |    10 |       |       |       |       ||    31
       Shortbow          |       |       |   145 |   346 |  1009 |   858 ||  2358
Throw: Dart              |       |     3 |     1 |     6 |       |     4 ||    14
       Boomerang         |       |       |       |     2 |       |       ||     2
 Cast: Foxfire           |       |    10 |       |       |       |       ||    10
       Inner Flame       |       |       |       |       |    14 |    61 ||    75
       Tukima's Dance    |       |       |       |       |     2 |    22 ||    24
       Portal Projectile |       |       |       |       |       |     4 ||     4
       Confusing Touch   |       |       |       |       |       |     3 ||     3
Invok: Bend Space        |       |       |       |     1 |    10 |    16 ||    27
       Banish            |       |       |       |     1 |     1 |     2 ||     4
       Brand Weapon With |       |       |       |       |       |     1 ||     1
Evoke: Wand              |       |       |     2 |     8 |     7 |     7 ||    24
       Phial of floods   |       |       |       |       |       |     1 ||     1
       Condenser vane    |       |       |       |       |       |     1 ||     1
  Use: Potion            |     1 |       |       |       |     4 |     3 ||     8
       Scroll            |       |     8 |     9 |    10 |     8 |     3 ||    38
 Stab: Sleeping          |     3 |     9 |    10 |    14 |       |     8 ||    44
       Paralysed         |       |       |     1 |       |       |       ||     1
       Petrified         |       |       |       |       |     1 |       ||     1
       Confused          |       |       |       |       |       |     2 ||     2
       Distracted        |       |       |       |       |       |     1 ||     1
Armor: Robe              |    18 |    23 |    25 |       |       |       ||    66
       Troll leather arm |       |       |     1 |    79 |   131 |    40 ||   251
Dodge: Dodged            |    76 |   138 |   147 |   483 |   797 |   376 ||  2017

Levels and vault maps discovered:
D:1:      wander_arrival_abandoned_jail, layout_rooms, st_stairs_12
D:2:      minmay_inner_zag, layout_basic,
          hellmonk_ecumenical_altar_pennies_from_heaven
D:3:      layout_rooms, dreamdust_princess_bridge
D:4:      layout_loops_corners, elyvilon_altar_5, mainiacjoe_overflow_alcove_1,
          minmay_temple_entry_steel_oval, minmay_gold_behind_fungi,
          minmay_stone_trees_medium
D:5:      layout_loops_corners, mainiacjoe_overflow_24_doors,
          minmay_misc_feat_diagonals, kennysheep_nub, uniq_pikel,
          uniq_eustachio, uniq_ijyb
D:6:      layout_layer_cave, marbit_many_paths, pf_just_have_faith,
          ebering_ghost_sewer_d, columned_hall_lemuel, nicolae_wooded_promenade
D:7:      layout_basic, lemuel_tele_altar, minivault_5
D:8:      layout_basic, mainiacjoe_overflow_boulevard, uniq_maurice,
          uniq_prince_ribbit1, uniq_grum
D:9:      layout_basic, grunt_qazlal_clouds, old_standard_altar, uniq_erolcha
D:10:     layout_roguey, mainiacjoe_overflow_concentric_impassable,
          grunt_lair_entry_orc_guard_hut, serial_shops, kennysheep_mini
D:11:     layout_basic, david_orc_5, uniq_erica
D:12:     cheibrodos_monumental, layout_small_grid,
          minmay_misc_feat_secret_circle, minmay_misc_feat_iff, uniq_lodul
D:13:     layout_rooms, st_stairs_5, led_xom_imps, uniq_snorg, uniq_azrael
D:14:     layout_basic, hangedman_vaults_entry_quadrant_bands,
          nicolae_sif_muna_condensation, gammafunk_ghost_spectres,
          kennysheep_generic_room_13
D:15:     grunt_enter_depths_hoard, layout_small_grid, minmay_stone_trees_small,
          minmay_st_funbox
Lair:1:   layout_roguey, minmay_holes, nicolae_quartered_pool_impasse
Lair:2:   layout_roguey, minmay_shattered_shrine
Lair:3:   layout_cave_shapes, nicolae_spider_entry_orb_guardian
Lair:4:   gammafunk_worm_tunnel, layout_long_grid,
          minmay_shoals_entry_lonely_mermaid, gammafunk_ghost_abyssal_escape,
          infiniplex_staircase_pool, uniq_josephine
Lair:5:   layout_loops_ring, minmay_slime_entry_pillars, uniq_rupert
Lair:6:   grunt_lair_end_beastmaster, layout_long_grid, nzn_ghost_randoct,
          nicolae_lair_lil_pond, serial_bayou_shore_a
Spider:1: layout_spider_delve
Spider:2: layout_chambers, nicolae_spider_nook,
          hangedman_spider_tarantella_strand, uniq_agnes, uniq_mlioglotl,
          uniq_arachne
Orc:1:    layout_diamond_mine, ebering_ghost_inner_flame,
          nicolae_orc_stony_grotto, nicolae_shop_clearance
Orc:2:    grunt_orc_community_town_hall, layout_caves,
          grunt_orc_community_big_house_1, grunt_orc_community_big_house_1,
          grunt_orc_community_house_2, grunt_orc_community_house_3,
          grunt_orc_community_house_3, grunt_orc_community_house_3,
          grunt_orc_community_house_1, gammafunk_ghost_arena, serial_shops, shop

Notes
Turn   | Place    | Note
-------+----------+-------------------------------------------
     0 | Abyss:1  | spiderkeys the Spriggan Abyssal Knight began the quest for
                  | the Orb.
     0 | Abyss:1  | Reached XP level 1. HP: 11/11 MP: 3/3
     0 | Abyss:1  | magus.rc [v1.11.3]
    34 | Abyss:1  | Found a corrupted altar of Lugonu.
    48 | D:1      | You pass through the gate.
    48 | D:1      | Escaped the Abyss
   206 | D:1      | You add the spells Conjure Flame, Ignite Poison and Sticky
                  | Flame to your library.
   432 | D:1      | Reached skill level 2 in Invocations
   432 | D:1      | Reached XP level 2. HP: 14/16 MP: 4/4
   472 | D:1      | Reached skill level 1 in Stealth
   989 | D:1      | Reached XP level 3. HP: 19/19 MP: 5/5
  1465 | D:2      | Found a faded altar of an unknown god.
  1513 | D:2      | Reached *** piety under Lugonu
  1596 | D:2      | Reached skill level 2 in Stealth
  1606 | D:2      | HP: 4/19 [poisoned by an adder]
  1610 | D:2      | HP: 1/19 [poisoned by an adder]
  1931 | D:2      | You pick up a book of Air and begin reading...
  1931 | D:2      | You add the spells Shock, Swiftness and Airstrike to your
                  | library.
  1978 | D:2      | Reached XP level 4. HP: 23/23 MP: 6/6
  2001 | D:2      | Reached skill level 4 in Dodging
  2001 | D:2      | Reached skill level 1 in Spellcasting
  2671 | D:2      | Reached skill level 3 in Short Blades
  2906 | D:3      | You pick up a book of Flames and begin reading...
  2906 | D:3      | You add the spells Foxfire, Inner Flame and Flame Wave to
                  | your library.
  2924 | D:3      | Learned a level 1 spell: Foxfire
  3058 | D:3      | Noticed a sky beast
  3133 | D:3      | Killed a sky beast
  3134 | D:3      | Reached skill level 3 in Fighting
  3134 | D:3      | Reached skill level 3 in Stealth
  3134 | D:3      | Reached skill level 2 in Spellcasting
  3134 | D:3      | Reached XP level 5. HP: 28/28 MP: 0/9
  3335 | D:3      | You pick up a book of the Moon and begin reading...
  3335 | D:3      | You add the spells Passage of Golubria, Silence and
                  | Lehudib's Crystal Spear to your library.
  3563 | D:4      | Found a white marble altar of Elyvilon.
  3906 | D:4      | Reached XP level 6. HP: 32/32 MP: 10/10
  3993 | D:4      | Found an opulent altar of Gozag.
  4012 | D:4      | Reached **** piety under Lugonu
  4125 | D:4      | Reached skill level 4 in Stealth
  4131 | D:4      | Found a staircase to the Ecumenical Temple.
  4353 | D:4      | Reached skill level 5 in Dodging
  4819 | D:5      | Entered Level 5 of the Dungeon
  4925 | D:5      | Reached skill level 4 in Short Blades
  4925 | D:5      | Reached skill level 3 in Spellcasting
  4967 | D:5      | Found a burning altar of Makhleb.
  5078 | D:5      | Reached XP level 7. HP: 23/36 MP: 12/12
  5366 | D:5      | Reached skill level 5 in Stealth
  5503 | D:5      | Noticed Pikel
  5852 | D:5      | Noticed Ijyb
  5855 | D:5      | Killed Ijyb
  5968 | D:5      | Reached skill level 4 in Spellcasting
  6350 | D:5      | Noticed Eustachio
  6362 | D:5      | Killed Eustachio
  6363 | D:5      | Reached skill level 4 in Fighting
  6363 | D:5      | Reached skill level 6 in Dodging
  6363 | D:5      | Reached skill level 6 in Stealth
  6490 | D:6      | Found a runed translucent door.
  6566 | D:5      | Killed Pikel
  6567 | D:5      | Reached skill level 5 in Short Blades
  6567 | D:5      | Reached skill level 2 in Evocations
  6567 | D:5      | Reached XP level 8. HP: 42/42 MP: 14/16
  6626 | D:6      | HP: 10/42 [orc/+0 short sword (3)]
  6629 | D:6      | Reached skill level 5 in Spellcasting
  6993 | D:6      | You pick up a book of Armaments and begin reading...
  6993 | D:6      | You add the spells Stone Arrow and Animate Armour to your
                  | library.
  7010 | D:6      | Reached skill level 7 in Stealth
  7121 | D:6      | Found a broken altar of Ashenzari.
  7130 | D:6      | Reached skill level 7 in Dodging
  7130 | D:6      | Reached skill level 3 in Evocations
  7167 | D:6      | Found Putiun's Antique Weapon Emporium.
  7169 | D:6      | Found Weguar's Weapon Shoppe.
  7171 | D:6      | Found Tyust's Armour Boutique.
  7186 | D:6      | Bought a blackened shortbow for 224 gold pieces
  7186 | D:6      | Identified the +7 shortbow "Okudah" {vorpal, rF- rN+ Str+3
                  | Int+6} (You bought it in a shop on level 6 of the Dungeon)
  7347 | D:6      | Reached skill level 6 in Short Blades
  7378 | D:6      | Reached skill level 1 in Bows
  7418 | D:6      | Reached XP level 9. HP: 46/46 MP: 17/17
  7922 | D:6      | Noticed pigah's ghost (novice OpAE)
  8035 | D:6      | Reached skill level 5 in Fighting
  8035 | D:6      | Reached skill level 4 in Evocations
  8085 | D:6      | Found a shimmering blue altar of Sif Muna.
  8134 | D:6      | Reached skill level 2 in Bows
  8134 | D:6      | Reached skill level 8 in Stealth
  9387 | D:7      | Reached skill level 8 in Dodging
  9388 | D:7      | Reached ***** piety under Lugonu
  9389 | D:7      | Reached skill level 3 in Bows
  9396 | D:7      | Reached skill level 5 in Evocations
  9780 | D:7      | Found an iron altar of Okawaru.
  9989 | D:7      | Noticed a troll
 10019 | D:7      | Killed a troll
 10020 | D:7      | Reached skill level 7 in Short Blades
 10208 | D:8      | Reached skill level 3 in Invocations
 10245 | D:8      | Reached skill level 4 in Bows
 10340 | D:8      | Noticed Prince Ribbit
 10363 | D:8      | Reached XP level 10. HP: 30/53 MP: 18/18
 10540 | D:8      | Reached skill level 9 in Dodging
 10550 | D:8      | Noticed Maurice
 10590 | D:8      | Killed Prince Ribbit
 10591 | D:8      | Reached skill level 6 in Fighting
 10603 | D:8      | Killed Maurice
 10667 | D:8      | Found a radiant altar of Vehumet.
 10734 | D:7      | Reached skill level 5 in Bows
 10747 | D:7      | Reached skill level 4 in Invocations
 10773 | D:8      | Noticed Grum
 10837 | D:8      | Killed Grum
 11118 | D:9      | Reached skill level 8 in Short Blades
 11164 | D:9      | Found a stormy altar of Qazlal.
 11190 | D:9      | Found a glowing silver altar of Zin.
 11219 | D:9      | Reached skill level 6 in Bows
 11274 | D:9      | Noticed Erolcha
 11304 | D:9      | Killed Erolcha
 11305 | D:9      | Reached skill level 10 in Dodging
 11305 | D:9      | Reached skill level 5 in Invocations
 11357 | D:9      | Reached XP level 11. HP: 53/58 MP: 19/19
 11367 | D:9      | Noticed a two-headed ogre
 11424 | D:9      | Killed a two-headed ogre
 11560 | D:9      | You pick up a book of Maledictions and begin reading...
 11560 | D:9      | You add the spells Tukima's Dance, Anguish and Enfeeble to
                  | your library.
 11700 | D:9      | Learned a level 3 spell: Tukima's Dance
 11729 | D:10     | Entered Level 10 of the Dungeon
 11778 | D:10     | Reached skill level 7 in Fighting
 11788 | D:10     | Found a shadowy altar of Dithmenos.
 11806 | D:10     | Noticed a centaur warrior
 11827 | D:10     | Killed a centaur warrior
 11828 | D:10     | Reached skill level 7 in Bows
 11828 | D:10     | Reached skill level 1 in Hexes
 11965 | D:10     | Reached skill level 9 in Short Blades
 12107 | D:10     | Reached skill level 2 in Hexes
 12182 | D:10     | Paralysed by a hornet for 3 turns
 12228 | D:10     | Reached skill level 6 in Invocations
 12244 | D:10     | Found Qaesigra's Antique Armour Boutique.
 12315 | D:10     | Found a staircase to the Lair.
 12321 | D:10     | You pick up a book of Blasting and begin reading...
 12321 | D:10     | You add the spells Fulminant Prism, Iskenderun's Mystic
                  | Blast and Lee's Rapid Deconstruction to your library.
 12625 | D:11     | Reached skill level 11 in Dodging
 12761 | D:11     | Reached skill level 3 in Hexes
 12809 | D:11     | Noticed a two-headed ogre
 12812 | D:11     | Banished a two-headed ogre
 12972 | D:11     | Identified a +2 robe of the Archmagi
 12972 | D:11     | Noticed Erica
 12991 | D:11     | Killed Erica
 13044 | D:11     | Reached skill level 8 in Bows
 13098 | D:11     | Noticed a two-headed ogre
 13101 | D:11     | Killed a two-headed ogre
 13167 | D:11     | Noticed an orc knight
 13175 | D:11     | Noticed an orc knight
 13176 | D:11     | Reached skill level 4 in Hexes
 13486 | D:11     | Killed an orc knight
 13531 | D:11     | Killed an orc knight
 13532 | D:11     | Reached XP level 12. HP: 64/64 MP: 20/20
 13675 | D:11     | Found a staircase to the Orcish Mines.
 13862 | D:12     | Noticed a two-headed ogre
 14017 | Lair:1   | Entered Level 1 of the Lair of Beasts
 14128 | Lair:1   | You pick up a book of Touch and begin reading...
 14128 | Lair:1   | You add the spells Static Discharge and Dispel Undead to
                  | your library.
 14201 | Lair:1   | Reached skill level 10 in Short Blades
 14224 | Lair:1   | Reached skill level 7 in Invocations
 14405 | Lair:1   | Identified the +1 leather armour of the Eight Boll Weevils
                  | {Int+4}
 14447 | Lair:1   | Reached skill level 5 in Hexes
 14622 | Lair:1   | Reached skill level 8 in Fighting
 14891 | Lair:2   | Reached skill level 12 in Dodging
 14902 | Lair:2   | Reached ****** piety under Lugonu
 15124 | Lair:2   | You pick up a book of Weapons and begin reading...
 15124 | Lair:2   | You add the spells Portal Projectile, Excruciating Wounds
                  | and Blade Hands to your library.
 15129 | Lair:2   | Learned a level 3 spell: Portal Projectile
 15166 | Lair:2   | Reached skill level 9 in Bows
 15190 | Lair:2   | Noticed a seven-headed hydra
 15199 | Lair:2   | Killed a three-headed hydra
 15298 | Lair:2   | Noticed a seven-headed hydra
 15324 | Lair:2   | Killed a four-headed hydra
 15890 | Lair:2   | Noticed a four-headed hydra
 15896 | Lair:2   | Killed a four-headed hydra
 15923 | Lair:2   | Noticed a death yak
 15931 | Lair:2   | Killed a death yak
 15932 | Lair:2   | Reached skill level 8 in Invocations
 16081 | Lair:3   | Noticed a death yak
 16081 | Lair:3   | Noticed a death yak
 16081 | Lair:3   | Noticed a death yak
 16299 | Lair:3   | Reached skill level 11 in Short Blades
 16344 | Lair:3   | Reached skill level 10 in Bows
 16382 | Lair:3   | Reached XP level 13. HP: 62/69 MP: 21/21
 16450 | Lair:3   | Reached skill level 13 in Dodging
 17190 | Lair:3   | Reached skill level 9 in Fighting
 17343 | Lair:3   | Found a hole to the Spider Nest.
 17821 | Lair:4   | Found a transporter.
 17895 | Lair:4   | Found a transporter.
 17896 | Lair:4   | Found a transporter.
 17961 | Lair:4   | Noticed Muuss's ghost (adept GnWz)
 18021 | Lair:4   | Noticed Josephine
 18207 | Lair:4   | Reached skill level 9 in Invocations
 18243 | Lair:4   | Found a one-way gate to the infinite horrors of the Abyss.
 18376 | Lair:4   | Found a transporter.
 18567 | Lair:4   | Reached skill level 11 in Bows
 18567 | Lair:4   | Found a staircase to the Shoals.
 18770 | Lair:4   | Killed Josephine
 18816 | Lair:5   | Noticed Rupert
 18880 | Lair:4   | Paralysed by Rupert for 4 turns
 18917 | Lair:4   | Killed Rupert
 18918 | Lair:4   | Reached skill level 14 in Dodging
 19077 | Lair:4   | Reached skill level 12 in Short Blades
 19161 | Lair:5   | You pick up a book of Beasts and begin reading...
 19161 | Lair:5   | You add the spells Summon Ice Beast, Summon Mana Viper and
                  | Monstrous Menagerie to your library.
 19762 | Lair:5   | Found a staircase to the Slime Pits.
 19922 | Lair:5   | Reached XP level 14. HP: 76/76 MP: 22/22
 20248 | Lair:6   | Entered Level 6 of the Lair of Beasts
 20667 | Lair:5   | Reached skill level 12 in Bows
 20690 | Lair:5   | Reached skill level 10 in Fighting
 20759 | Lair:5   | HP: 11/77 [catoblepas (10)]
 21067 | Lair:6   | Reached skill level 15 in Dodging
 21321 | Lair:5   | Reached skill level 13 in Short Blades
 21482 | Lair:6   | Found a transporter.
 21676 | Lair:6   | Reached skill level 1 in Translocations
 21873 | Lair:6   | Found a transporter.
 21874 | Lair:6   | Noticed Psyclone's ghost (journeyman DEIE)
 22070 | Lair:6   | Reached skill level 2 in Translocations
 22407 | Lair:6   | Reached skill level 3 in Translocations
 22593 | Lair:6   | Reached skill level 9 in Stealth
 22631 | Lair:6   | Identified a potion of experience
 22736 | Lair:6   | You pick up a book of Minor Magic and begin reading...
 22736 | Lair:6   | You add the spells Magic Dart, Call Imp and Mephitic Cloud
                  | to your library.
 22742 | Lair:6   | Identified the ring of Eternity {rC- Will++ rCorr}
 22743 | Lair:6   | Identified the +5 hand crossbow of Xokkitwa {vorpal, rElec
                  | rC- rN++}
 22775 | Lair:6   | Reached skill level 9 in Evocations
 22775 | Lair:6   | Reached XP level 15. HP: 81/81 MP: 23/23
 23200 | D:12     | Reached skill level 4 in Translocations
 23306 | D:12     | You pick up a book of Maledictions and begin reading...
 23408 | D:12     | Identified the +4 great sword of Wu Jian's Inspiration
                  | {holy, *Rage Int+2 Stlth+}
 23408 | D:12     | Noticed a frost giant
 23468 | D:12     | Killed a frost giant
 23510 | D:12     | You pick up a book of Misfortune and begin reading...
 23510 | D:12     | You add the spells Confusing Touch and Yara's Violent
                  | Unravelling to your library.
 23518 | D:12     | Identified the +1 cloak of Abstinence {rElec Str-2 Dex+4}
 23540 | D:12     | Reached skill level 16 in Dodging
 23544 | D:12     | Learned a level 3 spell: Confusing Touch
 23549 | D:12     | Learned a level 4 spell: Passage of Golubria
 23553 | D:12     | Learned a level 3 spell: Inner Flame
 23601 | D:12     | Reached skill level 5 in Translocations
 23773 | D:12     | Reached skill level 10 in Stealth
 23855 | D:12     | Noticed Lodul
 23894 | D:12     | Killed Lodul
 23895 | D:12     | Reached XP level 16. HP: 86/86 MP: 11/24
 24075 | D:12     | Reached skill level 11 in Fighting
 24264 | D:13     | Noticed Azrael
 24273 | D:13     | Banished Azrael
 24273 | D:13     | Noticed Snorg
 24274 | D:13     | Reached skill level 13 in Bows
 24279 | D:13     | Killed Snorg
 24529 | D:13     | Found a shimmering altar of Xom.
 24897 | Lair:1   | E - a +0 quick blade {rare}
 24898 | Lair:1   | Do you wish to have your +0 quick blade {rare} corrupted
                  | with distortion?
 24898 | Lair:1   | Identified a +2 quick blade of distortion {rare} (a +0
                  | quick blade {rare} corrupted by Lugonu)
 24898 | Lair:1   | Your quick blade {rare} shines brightly!
 24898 | Lair:1   | Received a gift from Lugonu
 24899 | Lair:1   | E - a +2 quick blade of distortion {rare}
 24899 | Lair:1   | a - a +2 quick blade of distortion {rare}
 25005 | D:14     | Found a shimmering blue altar of Sif Muna.
 25123 | D:14     | Found a runed translucent gate.
 25124 | D:14     | Found a runed translucent gate.
 25124 | D:14     | Found a runed translucent gate.
 25272 | D:14     | a - a +2 quick blade of distortion (weapon) {rare}
 25283 | D:14     | Reached skill level 11 in Stealth
 25869 | D:14     | Reached skill level 6 in Hexes
 25906 | D:14     | Noticed Julus's ghost (journeyman DjFE)
 25960 | D:14     | Found a gate to the Vaults.
 26457 | D:15     | Entered Level 15 of the Dungeon
 26518 | D:15     | You pick up a book of Party Tricks and begin reading...
 26518 | D:15     | You add the spells Apportation and Alistair's Intoxication
                  | to your library.
 26699 | D:15     | Noticed a storm dragon
 26703 | D:15     | Found a runed translucent door.
 26841 | D:15     | Reached skill level 12 in Stealth
 26887 | D:15     | You pick up a book of Spatial Translocations and begin
                  | reading...
 26887 | D:15     | You add the spells Blink, Lesser Beckoning and Manifold
                  | Assault to your library.
 26894 | D:15     | Learned a level 5 spell: Manifold Assault
 26977 | D:15     | Reached skill level 7 in Hexes
 27094 | D:15     | Reached skill level 17 in Dodging
 27483 | Orc:1    | Entered Level 1 of the Orcish Mines
 27668 | Orc:1    | Found a runed translucent door.
 27668 | Orc:1    | Noticed Gaivysus's ghost (journeyman NaVM)
 27892 | Orc:1    | Reached skill level 14 in Bows
 27938 | Orc:1    | Found Wifux's CLEARANCE SALE!.
 27941 | Orc:1    | Bought a potion of might for 16 gold pieces
 27941 | Orc:1    | Bought a wand of paralysis (3) for 20 gold pieces
 28381 | D:11     | a - a +2 quick blade of distortion (weapon) {rare}
 28403 | Orc:1    | a - a +2 quick blade of distortion (weapon) {rare}
 28435 | Orc:1    | Killed Gaivysus's ghost
 28563 | Orc:2    | Entered Level 2 of the Orcish Mines
 28713 | Orc:2    | Found a staircase to the Elven Halls.
 29233 | Orc:2    | Found Zenuog's Antique Weapon Emporium.
 29235 | Orc:2    | Found Gutiytea's Antique Armour Shoppe.
 29396 | Orc:2    | Found a transporter.
 29396 | Orc:2    | Noticed siradein's ghost (journeyman DsAM)
 29409 | Orc:2    | Found a transporter.
 29422 | Orc:2    | Found Nattaeq's General Store.
 29592 | Orc:2    | Found Joqed's Assorted Antiques.
 29601 | Orc:2    | Bought a scroll of enchant weapon for 202 gold pieces
 29601 | Orc:2    | your +2 quick blade of distortion {rare} glows red for a
                  | moment.
 29658 | Orc:2    | Found Zitt's Book Shop.
 29987 | Orc:2    | Identified the amulet "Esanil" {Faith rPois Will+}
 30110 | Orc:2    | Upgraded the game from 0.29-a0-322-g68df515428 to
                  | 0.29-a0-323-g050149af67
 30110 | Orc:2    | magus.rc [v1.11.3]
 30238 | Spider:1 | Entered Level 1 of the Spider Nest
 30249 | Spider:1 | a - a +3 quick blade of distortion (weapon) {rare}
 30325 | Spider:1 | Reached skill level 8 in Hexes
 30426 | Spider:1 | a - a +3 quick blade of distortion (weapon) {rare}
 30572 | Spider:1 | a - a +3 quick blade of distortion (weapon) {rare}
 30645 | Spider:1 | a - a +3 quick blade of distortion (weapon) {rare}
 30780 | Spider:1 | a - a +3 quick blade of distortion (weapon) {rare}
 30988 | Spider:1 | You pick up a book of the Wilderness and begin reading...
 30988 | Spider:1 | You add the spells Summon Forest and Summon Cactus Giant to
                  | your library.
 31031 | Spider:1 | Reached XP level 17. HP: 82/93 MP: 26/26
 31038 | Spider:1 | Reached skill level 12 in Fighting
 31105 | Spider:1 | Reached skill level 6 in Spellcasting
 31310 | Spider:1 | a - a +3 quick blade of distortion (weapon) {rare}
 31507 | Spider:1 | a - a +3 quick blade of distortion (weapon) {rare}
 31605 | Spider:1 | a - a +3 quick blade of distortion (weapon) {rare}
 31661 | Spider:1 | a - a +3 quick blade of distortion (weapon) {rare}
 31724 | Spider:2 | Noticed Arachne
 31783 | Spider:1 | Banished Arachne
 31784 | Spider:1 | Reached skill level 9 in Hexes
 31965 | Spider:2 | Noticed Mlioglotl
 32027 | Spider:2 | Killed Mlioglotl
 32112 | Spider:2 | Noticed Agnes
 32113 | Spider:2 | a - a +3 quick blade of distortion (weapon) {rare}
 32172 | Spider:2 | Slain by Agnes

Vanquished Creatures
  Rupert (Lair:4)
  Mlioglotl (Spider:2)
  A ghost moth (Spider:1)
  A frost giant (D:12)
  An orc warlord (Orc:2)
  An entropy weaver (Spider:1)
  A spark wasp (Spider:1)
  The ghost of Gaivysus the Tainter, a journeyman NaVM of Gozag (Orc:1)
  Snorg (D:13)
  Josephine (Lair:4)
  3 boulder beetles
  Erolcha (D:9)
  2 ogre magi (D:15)
  7 hydras
  3 catoblepae
  Erica (D:11)
  17 two-headed ogres
  13 death yaks
  A deep troll shaman (Lair:6)
  6 centaur warriors
  A tengu warrior (D:13)
  An orc high priest (D:11)
  A sun moth (Spider:1)
  3 skeletal warriors
  A pharaoh ant (Spider:1)
  Lodul (D:12)
  3 steelbarb worms (Spider:1)
  6 orc knights
  3 orb spiders
  A lindwurm (Lair:6)
  A deep elf pyromancer (D:12)
  Pikel (D:5)
  4 wolf spiders (Spider:1)
  8 ugly things
  A manticore (D:14)
  8 cyclopes
  A merfolk siren (Lair:4)
  Maurice (D:8)
  15 elephants
  4 black mambas
  A torpor snail (Lair:5)
  4 gargoyles
  4 centaur skeletons (D:14)
  2 demonic crawlers (Spider:1)
  10 komodo dragons
  2 unseen horrors (D:11)
  A rime drake (shapeshifter) (D:13)
  9 cane toads
  5 yaktaurs (D:14)
  4 rime drakes
  2 freezing wraiths (D:15)
  2 efreet
  2 trolls
  5 tarantellas (Spider:1)
  A hornet (D:10)
  13 blink frogs
  6 polar bears
  4 slime creatures
  6 dream sheep (Lair:3)
  Prince Ribbit (D:8)
  A centaur simulacrum (D:15)
  7 jumping spiders (Spider:1)
  6 culicivoras
  6 wraiths
  A shadow (D:10)
  Eustachio (D:5)
  5 wyverns
  3 fire elementals (D:13)
  66 yaks
  5 basilisks
  Grum (D:8)
  A steam dragon (D:7)
  17 redbacks (Spider:1)
  7 vampire mosquitoes
  2 wargs (Orc:1)
  16 water moccasins
  3 hell hounds (D:13)
  2 black bears
  An ice beast (D:8)
  2 sky beasts
  22 ogres
  39 orc warriors
  7 centaurs
  A boggart (D:14)
  31 wolves
  A lemure (D:5)
  3 kobold brigands
  18 bullfrogs
  4 necrophages
  A gnoll sergeant (D:7)
  A scorpion (D:6)
  14 wights
  5 killer bees (D:9)
  A howler monkey (D:10)
  5 electric eels
  4 crimson imps (D:13)
  3 hounds
  2 gnoll shamans
  18 orc priests
  7 jellies
  4 iguanas
  Ijyb (D:5)
  28 orc wizards
  7 hell rats (Lair:4)
  13 gnolls
  12 adders
  4 white imps
  4 ufetubi
  2 worms
  A dart slug (D:4)
  99 orcs
  6 ball pythons
  6 bats
  5 endoplasms
  2 giant cockroaches
  8 goblins
  7 hobgoblins
  11 jackals
  17 kobolds
  6 quokkas
  6 frilled lizards
  6 rats
808 creatures vanquished.

Vanquished Creatures (collateral kills)
  An orc knight (Orc:1)
  An orc warrior (Orc:1)
2 creatures vanquished.

Vanquished Creatures (others)
  9 dancing weapons
  An orc (D:11)
  A bush (Lair:5)
  14 foxfires (D:3)
  52 fungi
  97 plants
  4 toadstools (D:4)
178 creatures vanquished.

Grand Total: 988 creatures vanquished

Table legend:
 A = Non-vault XP
 B = Vault XP
 C = Vault XP percentage of total XP
 D = Non-vault monster count
 E = Vault monster count
 F = Vault count percentage of total count
                 A         B        C        D         E       F
            +---------+---------+-------+---------+---------+-------
      Total |  125195 |   56778 |  31.2 |     599 |     220 |  26.9
            +---------+---------+-------+---------+---------+-------
        D:1 |      45 |       3 |   6.2 |      26 |       2 |   7.1
        D:2 |      54 |      31 |  36.5 |      18 |       5 |  21.7
        D:3 |     176 |       0 |   0.0 |      16 |       0 |   0.0
        D:4 |     226 |       0 |   0.0 |      25 |       0 |   0.0
        D:5 |     605 |     917 |  60.2 |      24 |       4 |  14.3
        D:6 |    1302 |      13 |   1.0 |      27 |       1 |   3.6
        D:7 |    1471 |     232 |  13.6 |      26 |       2 |   7.1
        D:8 |    1298 |    1145 |  46.9 |      31 |       5 |  13.9
        D:9 |    3999 |     861 |  17.7 |      29 |       1 |   3.3
       D:10 |    3063 |     539 |  15.0 |      11 |       5 |  31.2
       D:11 |    6105 |    4430 |  42.1 |      18 |      26 |  59.1
       D:12 |    5503 |   11176 |  67.0 |      13 |      22 |  62.9
       D:13 |    2818 |    3669 |  56.6 |       5 |      13 |  72.2
       D:14 |    3999 |    6225 |  60.9 |      10 |      21 |  67.7
       D:15 |   16546 |       0 |   0.0 |      31 |       0 |   0.0
     Lair:1 |    3293 |       0 |   0.0 |      14 |       0 |   0.0
     Lair:2 |    7246 |    3847 |  34.7 |      28 |       7 |  20.0
     Lair:3 |    8182 |     678 |   7.7 |      23 |       1 |   4.2
     Lair:4 |    6304 |    4278 |  40.4 |      33 |       8 |  19.5
     Lair:5 |   19503 |     978 |   4.8 |      67 |       7 |   9.5
     Lair:6 |    5854 |    7175 |  55.1 |      21 |      13 |  38.2
   Spider:1 |   22375 |    2199 |   8.9 |      55 |       1 |   1.8
   Spider:2 |    1204 |    1586 |  56.8 |       3 |       1 |  25.0
      Orc:1 |    2831 |    1552 |  35.4 |      23 |       2 |   8.0
      Orc:2 |    1193 |    5244 |  81.5 |      22 |      73 |  76.8
            +---------+---------+-------+---------+---------+-------

Illustrated notes

Table legend:
 A = Kills in this place as a percentage of kills in entire the game.
 B = Kills by you in this place as a percentage of kills by you in the entire game.
 C = Kills by friends in this place as a percentage of kills by friends in the entire game.
 D = Other kills in this place as a percentage of other kills in the entire game.
 E = Experience gained in this place as a percentage of experience gained in the entire game.
 F = Experience gained in this place divided by the number of levels of this place that you have seen.
                   A       B       C       D       E      F
               +-------+-------+-------+-------+-------+----------------------
         Total | 100.0 | 100.0 | 100.0 | 100.0 | 100.0 | 6999.0
       Dungeon |  50.9 |  51.3 |   0.0 |  30.0 |  42.0 | 5096.7
          Lair |  27.1 |  27.5 |   0.0 |   0.0 |  37.0 | 11223.0
   Spider Nest |   7.3 |   6.6 |   0.0 |  70.0 |  15.0 | 13682.0
  Orcish Mines |  14.7 |  14.6 | 100.0 |   0.0 |   5.9 | 5410.0
               +-------+-------+-------+-------+-------+----------------------

Table legend: (Time is in decaauts)
 A = Elapsed time spent in this place.
 B = Non-inter-level travel time spent in this place.
 C = Inter-level travel time spent in this place.
 D = Time resting spent in this place.
 E = Time spent auto-exploring this place.
 F = Levels seen in this place.
 G = Mean time per level.
                   A        B        C        D        E       F      G
               +--------+--------+--------+--------+--------+-----+--------+
         Total |  23050 |  21564 |   1486 |   3111 |  11027 |  26 |  886.5 |
       Dungeon |  13770 |  12817 |    953 |   2324 |   6753 |  15 |  918.0 |
          Lair |   6366 |   5918 |    448 |    532 |   2685 |   6 | 1061.0 |
   Spider Nest |   1259 |   1247 |     12 |    244 |    579 |   2 |  629.5 |
  Orcish Mines |   1624 |   1554 |     70 |     10 |    988 |   2 |  812.0 |
         Abyss |     29 |     29 |      0 |      0 |     21 |   1 |   29.0 |
               +--------+--------+--------+--------+--------+-----+--------+

Top non-repeatable levels by time:
     D:5: 1835 daAuts
  Lair:5: 1606 daAuts
     D:6: 1440 daAuts
    D:11: 1392 daAuts
  Lair:2: 1162 daAuts
  Lair:6: 1140 daAuts
     D:1: 1122 daAuts
     D:2: 1085 daAuts
  Lair:4: 1050 daAuts
Spider:1: 1048 daAuts
    D:14: 1045 daAuts
   Orc:2: 1020 daAuts
     D:7: 908 daAuts
     D:4: 902 daAuts
  Lair:3: 788 daAuts
